 Dungeon Crawl Stone Soup version 0.27-a0-333-gfa571bf19a (webtiles) character file.

Game seed: 9078211614994012844

117 Nattfarinn the Stinger (level 5, -1/35 HPs)
             Began as a Formicid Venom Mage on Feb 12, 2021.
             Slain by an adder (2 damage)
             ... on level 3 of the Dungeon.
             The game lasted 00:04:43 (1893 turns).

Nattfarinn the Stinger (Formicid Venom Mage)        Turns: 1893, Time: 00:04:44

Health: -1/35      AC:  6    Str: 12    XL:     5   Next: 22%
Magic:  1/11       EV: 12    Int: 16    God:
Gold:   56         SH:  0    Dex: 17    Spells: 7/12 levels left

rFire    . . .     SeeInvis +   (no weapon)
rCold    . . .     Faith    .   (no shield)
rNeg     . . .     Spirit   .   a - +0 robe
rPois    .         Reflect  .   (helmet unavailable)
rElec    .         Harm     .   (no cloak)
rCorr    .         Rampage  .   (no gloves)
Will     .....                  (no boots)
Stlth    ++........             (no amulet)
HPRegen  0.11/turn              b - +6 ring of dexterity
MPRegen  0.12/turn              d - +4 ring of protection

@: brilliant, lethally poisoned (-1 -> -5), attractive
A: permanent stasis, dig shafts and tunnels, four strong arms, antennae 3
a: Dig, Shaft Self


You were on level 3 of the Dungeon.
You visited 1 branch of the dungeon, and saw 3 of its levels.

You collected 56 gold pieces.

Inventory:

Armour
 a - a +0 robe (worn)
Jewellery
 b - a +6 ring of dexterity (left hand)
 d - a +4 ring of protection (right hand)
Potions
 c - a potion of attraction


   Skills:
 - Level 1.7 Dodging
 - Level 2.4 Stealth
 * Level 4.3 Spellcasting
 - Level 1.1 Transmutations
 + Level 5.3 Poison Magic


You had 7 spell levels left.
You knew the following spells:

 Your Spells              Type           Power        Failure   Level
a - Sting                 Tmut/Pois      80%          4%          1
b - Olgreb's Toxic Radia  Pois           30%          19%         4

Your spell library contained the following spells:

 Spells                   Type           Power        Failure   Level
 Poisonous Vapours        Pois/Air       34%          9%          2
 Ignite Poison            Fire/Tmut/Pois 15%          21%         3
 Mephitic Cloud           Conj/Pois/Air  13%          24%         3


Dungeon Overview and Level Annotations

Branches:
Dungeon (3/15)

Altars:
Nemelex Xobeh
Okawaru


Innate Abilities, Weirdness & Mutations

You cannot be hasted, slowed, berserked, paralysed or teleported.
You can dig through walls and to a lower floor.
Your four strong arms can wield two-handed weapons with a shield.
You have a pair of large antennae on your head. (SInv)


Message History

The adder closely misses you.
You miss the adder.
The adder is heavily wounded.
The adder bites you.
You are poisoned.
The adder poisons you!
You hit the adder but do no damage.
The adder is severely wounded.
You feel sick. The adder bites you but does no damage. The adder bites you.
* * * LOW HITPOINT WARNING * * *
You are more poisoned.
The adder poisons you!
Casting: Sting (safe; 4% risk of failure)
Confirm with . or Enter, or press ? or * to list all spells.
Aiming: Sting (safe; 4% risk of failure)
Press: ? - help, Shift-Dir - straight line, f/p - adder
Aim: an adder (almost dead, poisoned, 47% to evade)
The sting misses the adder.
The adder bites you but does no damage.
It was a potion of attraction.
You feel attractive to monsters.
You feel sick. The adder bites you.
* * * LOW HITPOINT WARNING * * *
It was a potion of brilliance.
You feel clever all of a sudden.
* * * LOW HITPOINT WARNING * * *
You feel sick. The adder bites you.
* * * LOW HITPOINT WARNING * * *
The adder completely misses you.
It was a potion of haste.
Your stasis prevents you from being hasted.
The adder looks more healthy.
The adder bites you but does no damage.
Okay, then.
There is a lethal amount of poison in your body!
* * * LOW HITPOINT WARNING * * *
You feel sick. The adder barely misses you.
The adder bites you but does no damage. x2
* * * LOW HITPOINT WARNING * * *
You feel sick. The adder bites you but does no damage. The adder bites you.
You die...

{ { ## #..
#..#######..
#..........
#.@# ##S#
.## .# .. ##


You could see an adder.

Vanquished Creatures
  An orc priest (D:2)
  A gnoll (D:2)
  2 adders
  An ooze (D:1)
  A worm (D:2)
  2 dart slugs (D:1)
  2 leopard geckos (D:1)
  2 orcs (D:2)
  4 bats
  2 giant cockroaches (D:1)
  7 goblins
  6 hobgoblins
  6 kobolds
  A quokka (D:2)
  A ball python (D:1)
  3 frilled lizards
  4 rats (D:1)
46 creatures vanquished.

Notes
Turn   | Place    | Note
-------+----------+-------------------------------------------
     0 | D:1      | Nattfarinn the Formicid Venom Mage began the quest for the
                  | Orb.
     0 | D:1      | Reached XP level 1. HP: 13/13 MP: 3/3
   137 | D:1      | Reached XP level 2. HP: 19/19 MP: 2/5
   473 | D:1      | Reached XP level 3. HP: 22/24 MP: 3/7
  1328 | D:2      | Noticed an orc warrior
  1456 | D:1      | Reached XP level 4. HP: 30/30 MP: 4/9
  1500 | D:1      | Learned a level 4 spell: Olgreb's Toxic Radiance
  1524 | D:2      | Found a sparkling altar of Nemelex Xobeh.
  1787 | D:2      | Found an iron altar of Okawaru.
  1791 | D:2      | Reached skill level 5 in Poison Magic
  1876 | D:2      | Reached XP level 5. HP: 30/35 MP: 4/11
  1892 | D:3      | HP: 1/35 [poisoned by an adder]
  1893 | D:3      | Slain by an adder

Illustrated notes

Levels and vault maps discovered:
D:1:      minmay_arrival_four_circles, layout_basic
D:2:      layout_rooms, elyvilon_altar_5, lemuel_round_altar,
          grunt_qazlal_clouds, okawaru_altar_gauntlet_db
D:3:      layout_loops_ring, grunt_temple_overflow_growth_and_decay,
          chequers_hall_statues_corner_a

Skill      XL: |  1  2  3  4 |
---------------+-------------+-----
Spellcasting   | 3 4 |  4.3
Poison Magic   | 5 |  5.3
Dodging        | |  1.7
Stealth        | |  2.4
Transmutations | |  1.1

Action                   |  1- 3 |  4- 6 || total
-------------------------+-------+-------++-------
Melee: Unarmed           |    15 |     4 ||    19
 Cast: Sting             |    59 |    29 ||    88
       Olgreb's Toxic Ra |       |     1 ||     1
  Use: Potion            |       |     3 ||     3
Armor: Robe              |    21 |     9 ||    30
Dodge: Dodged            |    37 |    11 ||    48

Table legend: (Time is in decaauts)
 A = Elapsed time spent in this place.
 B = Non-inter-level travel time spent in this place.
 C = Inter-level travel time spent in this place.
 D = Time resting spent in this place.
 E = Time spent auto-exploring this place.
 F = Levels seen in this place.
 G = Mean time per level.
                   A        B        C        D        E       F      G
               +--------+--------+--------+--------+--------+-----+--------+
         Total |   1895 |   1841 |     54 |    616 |    878 |   3 |  631.7 |
       Dungeon |   1895 |   1841 |     54 |    616 |    878 |   3 |  631.7 |
               +--------+--------+--------+--------+--------+-----+--------+

Top non-repeatable levels by time:
     D:1: 1474 daAuts
     D:2: 352 daAuts
     D:3: 68 daAuts
